 Dungeon Crawl Stone Soup version 0.23-a0-4-g8f018a2 (webtiles) character file.

172 Dordric the Bolt Thrower (level 5, -4/38 HPs)
             Began as a Human Hunter on July 31, 2018.
             Slain by a gnoll
             ... wielding a +0 halberd
              (13 damage)
             ... on level 2 of the Dungeon.
             The game lasted 00:05:58 (3043 turns).

Dordric the Bolt Thrower (Human Hunter)             Turns: 3043, Time: 00:05:59

Health: -4/38      AC:  5    Str:  9 (12) XL:     5   Next: 82%
Magic:  5/5        EV: 11    Int: 11 (12) God:
Gold:   77         SH:  4    Dex: 12 (14) Spells: 4/4 levels left

rFire    . . .     SeeInvis .   u - +0 mace
rCold    . . .     Gourm    .   m - +0 buckler
rNeg     . . .     Faith    .   c - +0 leather armour
rPois    .         Spirit   .   i - +0 helmet
rElec    .         Reflect  .   (no cloak)
rCorr    .         Harm     .   r - +0 pair of gloves
MR       .....                  (no boots)
Stlth    +.........             (no amulet)
HPRegen  0.12/turn              (no ring)
MPRegen  0.09/turn              (no ring)

@: no status effects
A: no striking features
a: no special abilities


You were on level 2 of the Dungeon.
You were not hungry.

You visited 1 branch of the dungeon, and saw 3 of its levels.

You collected 77 gold pieces.

Inventory:

Hand Weapons
 a - a +1 hand crossbow
 b - a +0 short sword
 p - a +0 whip
 u - a +0 mace (weapon)
Armour
 c - a +0 leather armour (worn)
 i - a +0 helmet (worn)
 m - a +0 buckler (worn)
 r - a +0 pair of gloves (worn)
Scrolls
 g - a scroll of remove curse
 k - a scroll of blinking
 n - a scroll of noise
 q - 2 scrolls of teleportation
 s - 3 scrolls of identify {unknown}
 t - a scroll of fear {unknown}
Potions
 o - a potion of agility {unknown}
 v - a potion of haste {unknown}
Comestibles
 f - 8 rations


   Skills:
 - Level 2.0 Fighting
 * Level 2.2 Maces & Flails
 * Level 5.7 Crossbows
 - Level 2.0 Dodging
 - Level 1.0 Stealth
 + Level 1.6 Shields


You had 4 spell levels left.
You didn't know any spells.
Your spell library was empty.

Dungeon Overview and Level Annotations

Branches:
Dungeon (3/15)

Altars:
The Shining One


Message History

There is a stone staircase leading down here.
You closely miss the gnoll. The gnoll hits you with a halberd!
You barely miss the gnoll. The gnoll misses you.
You hit the gnoll.
The gnoll is heavily wounded.
The gnoll hits you with a halberd.
Your shield and leather armour prevent you from hitting the gnoll.
The gnoll is heavily wounded.
The gnoll hits you with a halberd.
* * * LOW HITPOINT WARNING * * *
You hit the gnoll.
The gnoll is heavily wounded.
The gnoll closely misses you.
You hit the gnoll but do no damage.
The gnoll is heavily wounded.
The gnoll closely misses you.
You barely miss the gnoll.
The gnoll is heavily wounded.
The gnoll hits you with a halberd!
You die...

#...†.##.#.##........#
#.....##.#.##........#
#.....##.#.##........#
#......#.#.##........#
######.#.#...........#
#.#.####........#
#...##..........#
##############..##....#######
#.............g@)........#
#.............#..[.......#
#.............#..........#
#.............#..........#
##.............#####.######
.'.............'.....#
##.............#######
..#'####.......#
#.#...####.#####


You could see a gnoll.

Vanquished Creatures
  An orc wizard (D:3)
  An adder (D:2)
  4 gnolls
  An ooze (D:1)
  2 worms
  2 dart slugs
  3 leopard geckos
  7 orcs (D:3)
  8 bats
  3 giant cockroaches
  6 goblins
  8 hobgoblins
  7 jackals (D:1)
  A quokka (D:2)
  A ball python (D:2)
  4 frilled lizards
  3 kobolds
  9 rats
71 creatures vanquished.

Notes
Turn   | Place    | Note
-------+----------+-------------------------------------------
     0 | D:1      | Dordric the Human Hunter began the quest for the Orb.
     0 | D:1      | Reached XP level 1. HP: 16/16 MP: 1/1
    63 | D:1      | Reached XP level 2. HP: 22/22 MP: 2/2
   216 | D:1      | Reached XP level 3. HP: 27/27 MP: 3/3
   310 | D:1      | Reached skill level 5 in Crossbows
   366 | D:1      | Found a glowing golden altar of the Shining One.
   618 | D:1      | Reached XP level 4. HP: 33/33 MP: 4/4
   945 | D:2      | Reached skill level 1 in Maces & Flails
  1130 | D:2      | Reached skill level 1 in Shields
  2026 | D:3      | Reached XP level 5. HP: 29/38 MP: 5/5
  2304 | D:3      | HP: 1/38 [poisoned by a scorpion]
  3043 | D:2      | Slain by a gnoll

Vault maps used:
D:1:      lightli_arrival_isolated_outpost, tso_altar
D:3:      cheibrodos_old_hovel

Skill      XL: |  1  2  3  4  5 |
---------------+----------------+-----
Crossbows      | 5 |  5.7
Maces & Flails | 1 2 |  2.2
Shields        | 1 |  1.6
Fighting       | |  2.0
Dodging        | |  2.0
Stealth        | |  1.0

Action                   |  1- 3 |  4- 6 || total
-------------------------+-------+-------++-------
Melee: Whip              |    37 |   137 ||   174
       Mace              |       |    72 ||    72
 Fire: Hand crossbow     |    45 |    18 ||    63
  Use: Scroll            |       |     4 ||     4
       Potion            |       |     3 ||     3
 Stab: Sleeping          |     1 |       ||     1
  Eat: Chunk             |       |     5 ||     5
       Ration            |       |     1 ||     1
Armor: Leather armour    |    36 |    61 ||    97
Dodge: Dodged            |    41 |   121 ||   162
Block: Buckler           |    11 |    33 ||    44

Table legend:
 A = Spawn XP
 B = Non-spawn XP
 C = Spawn XP percentage of total XP
 D = Spawn monster count
 E = Non-spawn monster count
 F = Spawn count percentage of total count
 G = Total turns spent on level
                    A         B        C        D         E        F      G
               +---------+---------+-------+---------+---------+-------+---------
         Total |       0 |     246 |   0.0 |       0 |      71 |   0.0 |  3043
               +---------+---------+-------+---------+---------+-------+---------
           D:1 |       0 |      69 |   0.0 |       0 |      29 |   0.0 |   748
           D:2 |       0 |      75 |   0.0 |       0 |      25 |   0.0 |  1522
           D:3 |       0 |     102 |   0.0 |       0 |      17 |   0.0 |   773
               +---------+---------+-------+---------+---------+-------+---------
